AoeStats
← Erickinio

Arena

509815566Analyzed
3v3 RM · 4d ago on Sep 28, 2026· 53m 25s· 6 players
Game mode
Random Map
Map size
Normal (6 player)
Population
200
Speed
Normal
Resources
Standard
Victory
Conquest
Starting age
Dark Age
Ending age
Imperial Age
RankedLock teamsTeams togetherTeam positionsShared explorationLock speedFull tech treeHidden civsTurbo modeCheats
Victory
Defeat
🇦🇷 Celts · Argentina
917
+14
🇨🇦 Spanish · Canada
876
+16
🇺🇸 Bohemians · United States
864
+16
🇺🇸 Malay · United States
971
-18
🇺🇸 Romans · United States
931
-53
🇺🇸 Persians · United States
725
-10
aextropical#0420
12:00 Feudal Age
12:41 Double-Bit Axe
12:55 Horse Collar
13:11 Loom
18:05 Castle Age
19:14 Bow Saw
22:04 Heavy Plow
22:25 Husbandry
24:36 Wheelbarrow
27:36 Fervor
27:42 Town Watch
33:07 Imperial Age
31:25 Wagenburg Tactics
32:22 Hand Cart
35:03 Chemistry
34:16 Murder Holes
34:44 Ballistics
33:58 Elite Hussite Wagon
35:01 Conscription
35:57 Two-Man Saw
35:10 Caravan
39:27 Houfnice
DingZ
5:23 Loom
11:50 Feudal Age
17:42 Castle Age
19:15 Scale Barding Armor
23:56 Double-Bit Axe
26:34 Gold Mining
27:19 Horse Collar
28:34 Heavy Plow
32:32 Stone Mining
34:30 Wheelbarrow
36:35 Imperial Age
34:10 Pikeman
34:45 Fletching
35:34 Elite Skirmisher
37:00 Masonry
37:07 Forging
37:22 Bodkin Arrow
38:08 Chain Barding Armor
38:28 Iron Casting
38:15 Ballistics
38:23 Conscription
39:23 Chemistry
39:56 Hand Cart
39:56 Bow Saw
40:27 Stone Shaft Mining
39:47 Cavalier
41:11 Paladin
43:28 Halberdier
45:30 Blast Furnace
45:08 Plate Barding Armor
44:35 Bracer
45:07 Architecture
47:03 Two-Man Saw
47:47 Inquisition
51:08 Bloodlines
51:02 Scale Mail Armor
51:04 Padded Archer Armor
51:03 Murder Holes
51:14 Elite Conquistador
54:18 Sanctity
54:17 Chain Mail Armor
54:18 Leather Archer Armor
Erickinio
10:40 Feudal Age
11:10 Loom
11:48 Arson
12:06 Man-at-Arms
12:49 Double-Bit Axe
14:57 Forging
23:56 Scale Mail Armor
28:20 Castle Age
26:03 Horse Collar
27:08 Stone Mining
27:08 Gold Mining
28:05 Wheelbarrow
27:47 Fletching
28:30 Gold Mining
29:17 Padded Archer Armor
29:49 Long Swordsman
30:15 Gambesons
31:07 Iron Casting
31:59 Bow Saw
32:34 Chain Mail Armor
32:26 Pikeman
37:47 Hand Cart
37:18 Town Watch
38:48 Gold Shaft Mining
38:48 Stone Shaft Mining
39:57 Stronghold
40:16 Bodkin Arrow
40:37 Leather Archer Armor
42:08 Town Patrol
42:07 Murder Holes
42:23 Masonry
42:34 Ballistics
41:36 Elite Skirmisher
49:11 Imperial Age
48:25 Masonry
48:30 Fortified Wall
50:57 Blast Furnace
49:32 Halberdier
51:24 Stone Shaft Mining
51:22 Plate Mail Armor
51:54 Chemistry
51:17 Conscription
50:38 Two-Handed Swordsman
52:05 Caravan
52:37 Siege Engineers
54:09 Ring Archer Armor
53:05 Champion
53:26 Spies/Treason
WalkingPath
14:10 Feudal Age
15:43 Man-at-Arms
16:59 Padded Archer Armor
17:02 Scale Mail Armor
28:02 Castle Age
29:40 Long Swordsman
31:06 Chain Mail Armor
31:12 Gold Mining
31:06 Horse Collar
37:31 Imperial Age
36:07 Fortified Wall
37:46 Legionary
nortcb
4:14 Loom
12:17 Feudal Age
14:43 Wheelbarrow
17:31 Castle Age
20:55 Pikeman
21:42 Horse Collar
23:14 Double-Bit Axe
25:44 Forging
26:03 Heavy Plow
26:03 Man-at-Arms
27:42 Long Swordsman
28:32 Crossbowman
29:18 Thumb Ring
33:30 Imperial Age
31:55 Fletching
32:17 Padded Archer Armor
33:12 Bodkin Arrow
34:45 Arbalester
35:30 Bracer
37:42 Chemistry
37:03 Leather Archer Armor
37:23 Two-Handed Swordsman
38:07 Forced Levy
38:40 Crop Rotation
Jolinar
12:35 Feudal Age
18:05 Castle Age
15:36 Man-at-Arms
20:10 Double-Bit Axe
22:57 Husbandry
23:10 Bloodlines
27:03 Scale Barding Armor
30:07 Gold Mining
32:22 Light Cavalry
33:45 Bow Saw
35:05 Light Cavalry
36:07 Forging
36:17 Chain Barding Armor
42:58 Gold Shaft Mining
42:35 Kamandaran
47:27 Imperial Age
46:05 Loom
Connection lost

Rejoining the realm…

Still unreachable

The connection could not be restored.

Session expired

The server has moved on; the page needs a fresh start.